 Dungeon Crawl Stone Soup version 0.26.0-10-g1f06aea511 (webtiles) character file.

Game seed: 11794582559613806554

32 Goblin1989 the Sneak (level 3, 0/29 HPs)
             Began as a Demonspawn Delver on Jan 23, 2021.
             Succumbed to an adder's poison
             ... on level 4 of the Dungeon.
             The game lasted 00:01:11 (208 turns).

Goblin1989 the Sneak (Demonspawn Delver)             Turns: 208, Time: 00:01:12

Health: 0/29       AC:  3    Str: 13    XL:     3   Next: 8%
Magic:  3/3        EV: 12    Int: 11    God:
Gold:   18         SH:  0    Dex: 14    Spells: 2/2 levels left

rFire    . . .     SeeInvis .   a - +0 mace
rCold    . . .     Faith    .   (no shield)
rNeg     . . .     Spirit   .   b - +0 leather armour
rPois    .         Reflect  .   (no helmet)
rElec    .         Harm     .   (no cloak)
rCorr    .         Rampage  .   (no gloves)
Will     .....                  (no boots)
Stlth    +++.......             (no amulet)
HPRegen  0.09/turn              (no ring)
MPRegen  0.08/turn              (no ring)

@: lethally poisoned (0 -> -2)
A: powered by death 1, sturdy frame 1
a: no special abilities


You were on level 4 of the Dungeon.
You visited 1 branch of the dungeon, and saw 2 of its levels.

You collected 18 gold pieces.

Inventory:

Hand Weapons
 a - a +0 mace (weapon)
Missiles
 N - 21 stones (quivered) {@Q3}
Armour
 b - a +0 leather armour (worn)
Wands
 g - a wand of digging (3) {@v1}
Scrolls
 c - a scroll of fog
 e - a scroll of fear
 M - a scroll of magic mapping
Potions
 f - 2 potions of haste {@q3,}


   Skills:
 - Level 3.0 Fighting
 + Level 3.2 Maces & Flails
 - Level 1.7 Dodging
 - Level 4.5 Stealth


You had 2 spell levels left.
You didn't know any spells.
Your spell library was empty.

Dungeon Overview and Level Annotations

Branches:
Dungeon (5/15)
 Temple: D:4-7

Altars:
Nemelex Xobeh


Innate Abilities, Weirdness & Mutations

You regenerate a little health from kills.
Your movements are slightly less encumbered by armour. (ER -2)


Message History

A frilled lizard comes into view.
You see here 18 gold pieces.
You now have 18 gold pieces.
The frilled lizard hisses angrily.
The frilled lizard hisses angrily.
The frilled lizard misses you.
You thump the frilled lizard!
You kill the frilled lizard!
You barely miss the frilled lizard. The frilled lizard bites you. x2
You take 4 damage, and have 14/18 hp.
MASSIVE DAMAGE!!
You hit the frilled lizard.
You kill the frilled lizard!
Things that are here:
a frilled lizard corpse; a frilled lizard corpse
Things that are here:
a frilled lizard corpse; a frilled lizard corpse You start resting.
HP restored.
Health restored: 18
Things that are here:
a frilled lizard corpse; a frilled lizard corpse You open the door.
A worker ant comes into view.
There is an open door here.
Okay, then.
The worker ant barely misses you.
You barely miss the worker ant.
The worker ant bites you but does no damage. x2
You hit the worker ant but do no damage.
The worker ant barely misses you.
You sock the worker ant!
The worker ant is heavily wounded.
The worker ant closely misses you. The worker ant bites you.
You take 1 damage, and have 17/18 hp.
You hit the worker ant but do no damage.
The worker ant is heavily wounded.
The worker ant bites you but does no damage.
You hit the worker ant.
You kill the worker ant!
Your Maces & Flails skill gained 2 levels and is now at level 3!
You have reached level 2!
Your demonic ancestry asserts itself...
You feel less encumbered by your armour.
You regained 6 hp, and now have 23/24 hp.
MP restored: 2 Unknown command.
You start resting.
HP restored.
Health restored: 24 You see here a worker ant corpse.
There is an open door here.
You open the gate.
Found an escape hatch in the floor.
There is an open gate here.
Found a sparkling altar of Nemelex Xobeh.
Found an escape hatch in the floor.
There is an open gate here.
An adder and an orc come into view.
The orc shouts!
The adder hisses angrily.
Found 22 gold pieces.
There is an open door here.
You see here a worker ant corpse.
You hit the adder but do no damage. The adder bites you. x2
You take 6 damage, and have 18/24 hp.
MASSIVE DAMAGE!!
You closely miss the adder. The adder closely misses you.
You hit the adder but do no damage. The adder closely misses you.
The adder barely misses you.
You closely miss the adder. The adder bites you.
You are poisoned.
The adder poisons you! The adder misses you.
You take 3 damage, and have 15/24 hp.
You miss the adder.
You feel sick. The adder bites you.
You take 2 damage, and have 13/24 hp.
You hit the adder.
The adder is moderately wounded.
The adder barely misses you. The adder closely misses you.
You closely miss the adder.
The adder is moderately wounded.
The adder bites you. x2
* * * LOW HITPOINT WARNING * * *
You take 6 damage, and have 7/24 hp.
MASSIVE DAMAGE!!
You thump the adder!
You kill the adder!
You feel sick.
You have reached level 3!
Your experience leads to an increase in your attributes!
Increase (s)trength, (i)ntelligence, or (d)exterity?
You feel stronger.
Your demonic ancestry asserts itself...
A wave of death washes over you.
MP restored: 3 Unknown command.
You hit the orc.
The orc is moderately wounded.
The orc barely misses you. x2
You closely miss the orc.
The orc is moderately wounded.
The orc hits you with a +0 whip.
* * * LOW HITPOINT WARNING * * *
You take 6 damage, and have 1/29 hp.
MASSIVE DAMAGE!!
You die...

..... ███○███...█☼... ....█
█....███..°██...█°§§§
....████....██§☼.○☼█...█§○§☼
..>.........███§§.██.>.█§§.§
.....███....████§███...█§§§○
.....█ █....████████...█████
.....█ █....████████∆∆∆██████
.....███.........███.........
.......†........@.o∆.........
.....███████████████.........
.....█ █........$ .....█
.S..██████ ████.█ .....█ ..█
$.....█ ..█ .......█ ..█
........▲ .█


You could see an orc.

Vanquished Creatures
  A worker ant (D:4)
  An adder (D:4)
  2 frilled lizards (D:4)
4 creatures vanquished.

Notes
Turn   | Place    | Note
-------+----------+-------------------------------------------
     0 | D:5      | Goblin1989 the Demonspawn Delver began the quest for the
                  | Orb.
     0 | D:5      | Reached XP level 1. HP: 18/18 MP: 1/1
   162 | D:4      | Noticed a worker ant
   172 | D:4      | Killed a worker ant
   173 | D:4      | Gained mutation: Your movements are slightly less
                  | encumbered by armour. (ER -2) [demonic ancestry]
   173 | D:4      | Reached XP level 2. HP: 23/24 MP: 2/2
   187 | D:4      | Found a sparkling altar of Nemelex Xobeh.
   206 | D:4      | Gained mutation: You regenerate a little health from kills.
                  | [demonic ancestry]
   206 | D:4      | Reached XP level 3. HP: 7/29 MP: 3/3
   207 | D:4      | HP: 1/29 [orc/+0 whip (6)]
   208 | D:4      | Succumbed to an adder's poison

Illustrated notes

Levels and vault maps discovered:
D:4:      corexii_shack_village, layout_basic, nemelex_altar_shiori
D:5:      minmay_goblin_kobold_castle, layout_loops_ring,
          kennysheep_slug_shrine, basic_altar, kennysheep_boxes

Skill      XL: |  1 |
---------------+----+-----
Maces & Flails | 3 |  3.2
Fighting       | |  3.0
Dodging        | |  1.7
Stealth        | |  4.5

Action                   || total
-------------------------++-------
Melee: Mace              ||    18
Armor: Leather armour    ||     3
Dodge: Dodged            ||    12
